Map: Fields of Death

Players

SiegFried

  • Race: Protoss Protoss
  • Spawn Location: 12:00

Cappuccino

  • Race: Zerg Zerg
  • League: Platinum
  • Spawn Location: 12:00

Loken

  • Race: Protoss Protoss
  • League: Platinum
  • Spawn Location: 6:00

dallaskuken

  • Race: Protoss Protoss
  • League: Platinum
  • Spawn Location: 7:00

VOD

Have the link to the VOD?

Description

Time

  • Played on: April 6, 2017, 7:57 a.m.
  • Length: 15:08
Show
View Real Time Build Order
Export as new Build Order

SiegFried Protoss 

Build Orders:  

Get SALT Encoding   

  12  0:01  Probe (Chrono Boost)  
  13  0:12  Probe (Chrono Boost)  
  14  0:18  Pylon  
  14  0:24  Probe (Chrono Boost)  
  15  0:36  Probe (Chrono Boost)  
  15  0:40  Gateway  
  16  0:47  Probe (Chrono Boost)  
  16  0:49  Assimilator  
  17  0:55  Assimilator  
  17  0:58  Probe (Chrono Boost)  
  18  1:06  Pylon  
  18  1:08  Probe (Chrono Boost)  
  19  1:19  Probe (Chrono Boost)  
  20  1:29  Probe (Chrono Boost)  
  20  1:32  Cybernetics Core  
  21  1:40  Probe (Chrono Boost)  
  22  1:50  Pylon, Probe (Chrono Boost)  
  23  2:04  Probe (Chrono Boost)  
  24  2:13  Warp Gate  
  25  2:17  Mothership Core (Chrono Boost)  
  26  2:24  Stalker  
  28  2:39  Probe (Chrono Boost)  
  28  2:41  Nexus  
  28  2:43  Pylon  
  29  2:57  Gateway  
  29  2:58  Gateway  
  29  3:08  Pylon  
  30  3:13  Probe (Chrono Boost)  
  30  3:30  Probe (Chrono Boost)  
  31  4:08  Robotics Facility  
  31  4:11  Pylon  
  31  4:17  Pylon  
  31  4:20  Probe (Chrono Boost)  
  31  4:21  Probe (Chrono Boost)  
  33  4:25  Pylon  
  33  4:26  Pylon  
  33  4:28  Stalker  
  33  4:29  Stalker x2  
  39  4:34  Probe (Chrono Boost)  
  40  4:47  Gateway  
  40  4:53  Zealot x3  
  40  4:55  Probe (Chrono Boost)  
  40  4:56  Probe (Chrono Boost)  
  40  4:57  Observer  
  49  5:06  Probe (Chrono Boost)  
  50  5:09  Probe (Chrono Boost)  
  50  5:13  Assimilator  
  51  5:15  Assimilator  
  51  5:16  Probe (Chrono Boost)  
  51  5:17  Observer  
  51  5:19  Twilight Council  
  51  5:21  Probe (Chrono Boost)  
  54  5:34  Probe (Chrono Boost)  
  56  5:36  Probe (Chrono Boost)  
  56  5:39  Observer  
  57  5:43  Charge  
  57  5:45  Probe (Chrono Boost)  
  57  5:48  Probe (Chrono Boost)  
  59  5:53  Forge  
  59  5:54  Forge  
  60  5:57  Probe (Chrono Boost)  
  60  6:00  Probe (Chrono Boost)  
  61  6:22  Protoss Ground Weapons Level 1, Protoss Ground Armor Level 1  
  61  6:23  Zealot x3  
  61  6:24  Zealot  
  69  6:35  Pylon  
  69  6:36  Pylon  
  69  6:37  Pylon  
  69  6:46  Zealot  
  69  6:47  Zealot x3  
  69  7:08  Zealot x3  
  63  7:09  Zealot  
  63  7:13  Immortal  
  65  7:22  Pylon  
  65  7:23  Pylon  
  55  7:38  Zealot x4  
  57  8:03  Probe x2 (Chrono Boost)  
  59  8:15  Probe (Chrono Boost)  
  59  8:16  Probe (Chrono Boost)  
  61  8:20  Warp Prism  
  61  8:27  Gateway x2, Protoss Ground Weapons Level 2, Protoss Ground Armor Level 2  
  63  8:29  Gateway  
  63  8:31  Gateway  
  63  8:46  Zealot  
  63  8:47  Zealot x3  
  71  8:54  Templar Archives  
  71  8:56  Nexus  
  71  8:58  Assimilator  
  71  9:01  Dark Shrine  
  71  9:03  Assimilator  
  71  9:05  Pylon  
  71  9:08  Pylon  
  71  9:12  Pylon  
  71  9:16  Pylon  
  71  9:32  Stalker x4  
  71  9:33  Stalker x4  
  87  10:12  Zealot x2  
  87  10:13  Zealot x4  
  87  10:14  Zealot x2  
  103  10:35  Dark Templar x3  
  105  10:36  Dark Templar x3  
  99  10:56  Protoss Ground Armor Level 3, Protoss Ground Weapons Level 3  
  99  11:19  High Templar x5  
  103  11:43  High Templar  
  103  11:46  Archon x2  
  105  11:47  Archon  
  101  12:05  Zealot x6  
  101  12:06  Zealot  
  115  12:27  Stalker x2  
  115  12:28  Stalker x5  
  115  12:29  Stalker  
  114  13:35  Stalker x5  
  114  13:36  Stalker  
  109  14:38  Nexus  
Show
View Real Time Build Order
Export as new Build Order

Cappuccino Zerg 

Build Orders: Hatch First 

Get SALT Encoding   

  12  0:01  Drone  
  13  0:11  Drone  
  14  0:19  Overlord  
  14  0:23  Drone, Extractor  
  15  0:38  Drone x2  
  17  0:56  Hatchery  
  16  0:57  Drone  
  16  1:00  Drone  
  18  1:12  Extractor  
  17  1:31  Spawning Pool  
  17  1:32  Drone x2, Overlord  
  18  1:45  Drone  
  19  2:18  Queen x2  
  19  2:21  Drone x2  
  26  2:22  Zergling x2  
  26  2:23  Zergling x4  
  28  2:34  Metabolic Boost  
  28  2:36  Baneling Nest  
  27  2:45  Zergling x2  
  27  2:46  Zergling x6  
  31  2:53  Overlord  
  31  3:15  Zergling x8  
  33  3:42  Zergling x6  
  33  3:45  Overlord x2  
  30  4:03  Zergling x10  
  30  4:04  Zergling x12  
  30  4:07  Overlord  
  39  4:39  Zergling x2  
  39  4:40  Zergling x22  
  51  4:55  Overlord x2  
  50  5:17  Zergling x2  
  50  5:18  Zergling x16  
  41  5:33  Zergling x4  
  27  6:13  Drone x12  
  39  6:33  Lair  
  39  6:36  Extractor  
  38  6:45  Zergling x20  
  40  7:18  Zergling x22  
  45  7:45  Overlord  
  45  7:46  Zergling x8  
  49  8:07  Hydralisk Den  
  49  8:08  Drone x6  
  49  8:09  Roach Warren  
  49  8:11  Extractor  
  52  8:12  Extractor  
  51  8:30  Drone  
  52  8:42  Drone x2  
  52  8:43  Drone x5  
  59  8:53  Glial Reconstitution, Muscular Augments  
  59  8:57  Roach x4  
  59  9:01  Roach  
  59  9:02  Roach x3  
  75  9:04  Overlord x2  
  75  9:14  Evolution Chamber  
  75  9:15  Evolution Chamber  
  73  9:18  Pneumatized Carapace  
  73  9:36  Spine Crawler  
  73  9:37  Spine Crawler  
  71  9:39  Spine Crawler  
  71  9:41  Spine Crawler, Roach  
  71  9:42  Roach x6  
  83  9:47  Spore Crawler  
  83  9:48  Spore Crawler  
  81  10:24  Drone x4  
  81  10:26  Hatchery  
  84  10:46  Drone x2  
  79  11:23  Overlord x3, Hydralisk  
  79  11:24  Hydralisk x8  
  92  11:39  Zerg Ground Armor Level 1, Zerg Missile Weapons Level 1  
  92  11:50  Overlord  
  92  11:51  Drone  
  92  11:52  Drone x7  
  100  12:19  Overlord  
  100  12:20  Drone x6  
  100  12:21  Drone  
  100  12:22  Overlord  
  107  12:27  Queen  
  107  12:28  Queen  
  111  12:41  Ravager  
  111  12:42  Ravager x14  
  126  12:44  Overlord  
  126  12:45  Overlord  
  126  12:50  Drone x5  
  131  12:53  Extractor  
  131  12:54  Extractor  
  129  13:12  Drone x3  
  132  13:13  Drone  
  133  13:30  Roach x6  
  133  13:33  Overlord x4  
  144  13:58  Roach x9  
  161  14:19  Hatchery  
  160  14:34  Hatchery  
  160  14:35  Extractor  
  160  14:36  Extractor  
Show
View Real Time Build Order
Export as new Build Order

Loken Protoss 

Build Orders:  

Get SALT Encoding   

  12  0:01  Probe (Chrono Boost)  
  13  0:12  Probe (Chrono Boost)  
  14  0:20  Pylon  
  14  0:23  Probe (Chrono Boost)  
  15  0:38  Probe (Chrono Boost)  
  15  0:40  Gateway  
  16  0:51  Gateway  
  16  0:55  Probe (Chrono Boost)  
  17  1:01  Assimilator  
  17  1:05  Probe (Chrono Boost)  
  18  1:16  Probe (Chrono Boost)  
  19  1:29  Zealot  
  21  1:34  Cybernetics Core, Probe (Chrono Boost)  
  22  1:41  Pylon  
  22  1:47  Probe (Chrono Boost)  
  23  1:59  Zealot  
  25  2:02  Zealot  
  25  2:06  Probe (Chrono Boost)  
  28  2:09  Assimilator  
  28  2:11  Warp Gate  
  28  2:27  Stalker  
  30  2:32  Pylon  
  30  2:39  Pylon  
  30  2:41  Probe (Chrono Boost)  
  31  2:53  Stalker  
  31  2:57  Stalker  
  35  3:13  Probe (Chrono Boost)  
  35  3:14  Pylon  
  32  4:05  Gateway x2  
  28  4:19  Pylon  
  26  4:27  Zealot x2  
  26  4:46  Nexus  
  26  4:57  Pylon  
  25  5:09  Stalker x2  
  25  5:10  Stalker x2  
  31  5:34  Stalker x4  
  39  5:58  Stalker  
  39  5:59  Stalker x3, Nexus  
  45  6:29  Stalker x3  
  45  6:30  Stalker  
  43  7:18  Stalker x4  
  31  7:47  Probe x2 (Chrono Boost)  
  31  7:50  Stalker  
  31  7:51  Stalker x2  
  39  7:54  Stalker  
  39  7:58  Probe x2 (Chrono Boost)  
  43  8:08  Probe (Chrono Boost)  
  44  8:17  Probe (Chrono Boost)  
  44  8:19  Probe (Chrono Boost)  
  46  8:27  Probe (Chrono Boost)  
  46  8:29  Probe (Chrono Boost)  
  46  8:33  Stargate  
  48  8:35  Stargate  
  48  8:38  Probe (Chrono Boost)  
  48  8:41  Assimilator  
  49  8:44  Probe (Chrono Boost)  
  49  8:45  Assimilator  
  50  8:48  Probe (Chrono Boost)  
  50  8:54  Probe (Chrono Boost)  
  52  9:12  Stalker  
  52  9:13  Stalker x3  
  60  9:25  Void Ray x2  
  68  9:56  Probe (Chrono Boost)  
  69  10:07  Stalker x3  
  69  10:10  Zealot  
  77  10:21  Void Ray  
  75  10:22  Pylon, Void Ray  
  75  10:23  Pylon  
  74  11:02  Nexus  
  60  12:00  Probe (Chrono Boost)  
  61  12:06  Nexus  
  61  12:11  Probe (Chrono Boost)  
  51  13:04  Nexus  
  51  13:23  Probe x2 (Chrono Boost)  
  53  13:34  Probe x2 (Chrono Boost)  
  55  13:44  Probe x2 (Chrono Boost)  
  53  13:55  Probe (Chrono Boost)  
Show
View Real Time Build Order
Export as new Build Order

dallaskuken Protoss 

Build Orders:  

Get SALT Encoding   

  12  0:01  Probe (Chrono Boost)  
  13  0:13  Pylon  
  13  0:17  Probe (Chrono Boost)  
  14  0:27  Probe (Chrono Boost)  
  15  0:36  Gateway  
  15  0:38  Probe (Chrono Boost)  
  16  0:49  Probe (Chrono Boost)  
  17  0:55  Gateway  
  17  0:59  Probe (Chrono Boost)  
  18  1:04  Assimilator  
  18  1:09  Assimilator  
  18  1:23  Cybernetics Core  
  18  1:28  Pylon  
  18  1:32  Probe (Chrono Boost)  
  19  1:45  Probe (Chrono Boost)  
  19  1:46  Warp Gate  
  20  1:56  Probe (Chrono Boost)  
  20  2:00  Stalker  
  23  2:04  Stalker  
  26  2:08  Probe (Chrono Boost)  
  26  2:20  Probe (Chrono Boost)  
  27  2:30  Robotics Facility  
  27  2:32  Pylon  
  27  2:38  Stalker  
  29  2:57  Stalker  
  31  3:10  Stalker  
  33  3:17  Gateway  
  33  3:20  Gateway  
  33  3:37  Pylon  
  37  3:41  Immortal  
  37  4:01  Stalker  
  37  4:02  Stalker  
  33  4:31  Immortal  
  35  4:42  Sentry x2  
  39  4:46  Stalker  
  39  4:47  Zealot  
  43  5:09  Stalker x2  
  35  5:34  Stalker x4  
  37  5:49  Nexus  
  37  5:53  Pylon  
  35  6:13  Stalker  
  35  6:14  Stalker  
  39  6:33  Stalker x2  
  39  6:36  Probe (Chrono Boost)  
  45  6:48  Probe (Chrono Boost)  
  45  7:00  Probe (Chrono Boost)  
  44  7:07  Stalker x4  
  44  7:22  Immortal  
  30  8:01  Probe (Chrono Boost)  
  31  8:12  Probe (Chrono Boost)  
  32  8:19  Probe (Chrono Boost), Robotics Bay  
  33  8:20  Assimilator  
  33  8:22  Probe (Chrono Boost)  
  33  8:25  Assimilator  
  34  8:31  Probe (Chrono Boost)  
  34  8:33  Probe (Chrono Boost)  
  36  8:35  Warp Prism  
  38  8:43  Pylon, Probe x2 (Chrono Boost)  
  40  8:54  Probe (Chrono Boost)  
  42  8:56  Probe (Chrono Boost)  
  42  8:59  Stalker  
  42  9:00  Stalker  
  46  9:04  Probe (Chrono Boost)  
  47  9:15  Probe (Chrono Boost)  
  48  9:25  Probe (Chrono Boost)  
  49  9:39  Colossus  
  49  9:41  Extended Thermal Lance  
  49  9:43  Stalker x3  
  59  10:12  Stalker x4  
  73  11:01  Observer  
  57  11:51  Observer  
  58  12:05  Colossus  
  58  12:10  Pylon  
  58  12:12  Stalker, Pylon  
  58  12:13  Stalker x3  
  70  12:46  Sentry x4  
  73  13:21  Colossus  
  73  13:23  Colossus  
  73  13:24  Colossus  
  73  13:25  Colossus  
  73  13:30  Colossus  
  79  14:02  Stalker  
  81  14:03  Stalker x3  
  93  14:25  Nexus  
Tags
 
Add a new tag
Caveats
  • Supply blocks, unpowered buildings, or Contaminate may cause inaccurate times.
  • Supply counts are checked every 10 seconds.